Panthers vs Flyers

Created - October 16 2011 at 12:41

Goals
1 2 3 OT1 SO T
Panthers 0 2 1 0 0 3
Flyers 0 2 1 0 1 4
Shots
1 2 3 OT1 SO T
Panthers 9 14 7 3 6 33
Flyers 5 8 17 6 6 36

Period #1

No Goal

Penalties :
Raffi Torres (PHI) for Hooking (Minor) at 3:34

Period #2

1. Panthers , Jason Garrison 1 (Ryan Smyth, Cory Stillman) at 3:00
2. Panthers , Dave Bolland 3 (Ryan Smyth, Andrew MacDonald) at 5:43
3. Flyers , Radim Vrbata 2 (Tim Connolly, Andrej Sekera) at 8:36 (PP)
4. Flyers , Kevin Bieksa 2 (Chris Pronger, Brendan Morrison) at 10:59

Penalties :
Ed Jovanovski (FLA) for Boarding (Minor) at 8:11, Justin Williams (PHI) for Hooking (Minor) at 14:45

Period #3

5. Panthers , Andrew MacDonald 3 (Ryan Smyth, Chris Drury) at 15:48 (PP)
6. Flyers , Chris Pronger 1 (Kevin Bieksa, Justin Williams) at 18:40

Penalties :
Ryan OByrne (FLA) for Slashing (Double Minor) at 2:00, Ed Jovanovski (FLA) for Tripping (Minor) at 9:48, Adam Foote (FLA) for Hooking (Minor) at 11:51, Ladislav Smid (PHI) for Holding (Minor) at 13:58

Overtime #1

No Goal

Penalties :
No Penalty

Shootout

Penalty Shot by Ryan Smyth for Panthers - Shot Misses the Net
Penalty Shot by Justin Williams for Flyers - Shot Misses the Net
Penalty Shot by Dave Bolland for Panthers - Stopped by Tomas Vokoun
Penalty Shot by Brendan Morrison for Flyers - Stopped by Corey Crawford
Penalty Shot by Mike Santorelli for Panthers - Shot Misses the Net
Penalty Shot by Tim Connolly for Flyers - Stopped by Corey Crawford
Penalty Shot by Christopher Higgins for Panthers - Stopped by Tomas Vokoun
Penalty Shot by Pascal Dupuis for Flyers - Stopped by Corey Crawford
Penalty Shot by Sam Gagner for Panthers - Shot Misses the Net
Penalty Shot by Radim Vrbata for Flyers - Shot Misses the Net
Penalty Shot by Sergei Shirokov for Panthers - Stopped by Tomas Vokoun
Penalty Shot by Lee Stempniak for Flyers - Goal!

Penalties :
No Penalty

Goalie Stats

Corey Crawford (FLA), 33 saves from 36 shots - (0.917), OTL, 0-4-1, 65:00 minutes
Tomas Vokoun (PHI), 30 saves from 33 shots - (0.909), W, 2-3-1, 65:00 minutes

Players Stats

Panthers
Player Name              G  A  P  +/- PIM S  H  SB FO    MP 
------------------------------------------------------------
Adam Foote               0  0  0   0  2   0  1  0  0/0   5  
Andrew Brunette          0  0  0   0  0   1  0  0  1/1   5  
Andrew MacDonald         1  1  2   2  0   3  1  0  0/0   25 
Andy Greene              0  0  0  -1  0   1  0  0  0/0   23 
Anton Volchenkov         0  0  0  -1  0   1  1  1  0/0   18 
Chris Drury              0  1  1  -1  0   0  1  0  4/4   14 
Christopher Higgins      0  0  0  -1  0   2  2  0  0/0   14 
Cory Stillman            0  1  1   2  0   2  1  0  3/8   19 
Dave Bolland             1  0  1   1  0   9  1  0  11/25 23 
David Steckel            0  0  0   0  0   0  2  0  9/15  14 
Ed Jovanovski            0  0  0  -1  4   3  4  0  0/0   23 
Jason Garrison           1  0  1   2  0   1  1  0  0/0   21 
Matt Cullen              0  0  0  -1  0   0  3  1  3/5   24 
Mike Santorelli          0  0  0  -1  0   4  2  0  12/31 22 
Ryan OByrne              0  0  0  -1  4   0  3  1  0/0   15 
Ryan Smyth               0  3  3   2  0   4  0  0  3/4   23 
Sam Gagner               0  0  0  -1  0   1  1  0  1/2   18 
Sergei Shirokov          0  0  0   0  0   1  0  0  0/1   6  
Flyers
Player Name              G  A  P  +/- PIM S  H  SB FO    MP 
------------------------------------------------------------
Andrei Markov            0  0  0   0  0   3  0  0  0/0   23 
Andrej Sekera            0  1  1   0  0   1  1  2  0/0   23 
Brandon McMillan         0  0  0   0  0   0  1  2  0/0   9  
Brendan Morrison         0  1  1   1  0   0  0  0  18/25 19 
Chris Pronger            1  1  2   1  0   4  0  2  0/0   25 
John Madden              0  0  0  -1  0   1  0  0  8/19  16 
Justin Williams          0  1  1   1  2   4  1  0  2/5   25 
Kevin Bieksa             1  1  2   1  0   2  2  2  0/0   19 
Kyle Brodziak            0  0  0   0  0   0  0  0  5/9   7  
Ladislav Smid            0  0  0   0  2   0  2  0  0/0   7  
Lee Stempniak            0  0  0  -1  0   4  2  1  0/0   15 
Niklas Hagman            0  0  0  -1  0   1  0  1  0/0   15 
Pascal Dupuis            0  0  0   1  0   4  6  1  1/3   19 
Radim Vrbata             1  0  1   0  0   2  0  0  2/4   20 
Raffi Torres             0  0  0   0  2   4  4  0  0/0   18 
Randy Jones              0  0  0  -1  0   0  0  0  0/0   14 
Rostislav Klesla         0  0  0  -1  0   2  2  2  0/0   16 
Tim Connolly             0  1  1   0  0   4  0  0  13/31 23 

3 Stars

1 - Andrew MacDonald (FLA)
2 - Kevin Bieksa (PHI)
3 - Ryan Smyth (FLA)

Power Play

Panthers - 1 on 3 Attempt(s) - 33.33%
Flyers - 1 on 5 Attempt(s) - 20.00%

Penalty Kill

Panthers - 4 on 5 Attempt(s) - 80.00% - Score 0 goal in Penalty Kill
Flyers - 2 on 3 Attempt(s) - 66.67% - Score 0 goal in Penalty Kill

Game Notes

David Steckel is injured at 7:27 of 3rd period (Bruised Right Shoulder)

Finance

Level 1 -- Attendance: 5088 (78.28%) -- Ticket Income $483,360.00
Level 2 -- Attendance: 5000 (100.00%) -- Ticket Income $270,000.00
Level 3 -- Attendance: 3270 (93.43%) -- Ticket Income $114,450.00
Level 4 -- Attendance: 2580 (72.94%) -- Ticket Income $38,700.00
Luxury Box -- Attendance: 896 (89.60%) -- Ticket Income $172,032.00
Game was played at the Wells Fargo Center
Total Attendance: 16834 (86.16%)
Total Ticket Income: $1,092,737.00
Other Income: $192,015.60
Total Income: $1,284,753.00


Play by Play

Period #1

0:01 of 1st period - Brendan Morrison wins face-off versus Dave Bolland in neutral zone.
0:04 of 1st period - Dave Bolland is hit by Pascal Dupuis and loses puck.
0:20 of 1st period - Ryan Smyth is hit by Kevin Bieksa and loses puck.
0:58 of 1st period - Icing by Andy Greene.
0:59 of 1st period - Tim Connolly wins face-off versus Mike Santorelli in Panthers zone.
1:35 of 1st period - Icing by Andy Greene.
1:36 of 1st period - Mike Santorelli wins face-off versus John Madden in Panthers zone.
1:58 of 1st period - Shot by Christopher Higgins.
1:58 of 1st period - Shot Misses the Net.
3:19 of 1st period - Andrew MacDonald is hit by Justin Williams.
3:34 of 1st period - Minor Penalty to Raffi Torres for Hooking.
3:35 of 1st period - Mike Santorelli wins face-off versus Tim Connolly in Flyers zone.
4:03 of 1st period - Shot by Ed Jovanovski.
4:03 of 1st period - Stopped by Tomas Vokoun without a rebound.
4:04 of 1st period - Pascal Dupuis wins face-off versus Mike Santorelli in Flyers zone.
4:54 of 1st period - Shot by Andy Greene.
4:54 of 1st period - Shot Misses the Net.
4:58 of 1st period - Shot by Ryan Smyth.
4:58 of 1st period - Shot Blocked by Kevin Bieksa.
5:00 of 1st period - Shot by Andrew MacDonald.
5:00 of 1st period - Shot Blocked by Chris Pronger.
5:02 of 1st period - Shot by Andrew MacDonald.
5:02 of 1st period - Stopped by Tomas Vokoun without a rebound.
5:03 of 1st period - Chris Drury wins face-off versus Radim Vrbata in Flyers zone.
5:16 of 1st period - Shot by Andy Greene.
5:16 of 1st period - Stopped by Tomas Vokoun without a rebound.
5:17 of 1st period - Dave Bolland wins face-off versus Justin Williams in Flyers zone.
5:22 of 1st period - Shot by Andrew MacDonald.
5:22 of 1st period - Shot Misses the Net.
5:24 of 1st period - Shot by Dave Bolland.
5:24 of 1st period - Stopped by Tomas Vokoun with a rebound.
5:26 of 1st period - Shot by Andrew MacDonald.
5:26 of 1st period - Shot Hit the Post.
5:28 of 1st period - Shot by Dave Bolland.
5:28 of 1st period - Shot Misses the Net.
5:34 of 1st period - Shot by Cory Stillman.
5:34 of 1st period - Shot Blocked by Rostislav Klesla.
5:37 of 1st period - Icing by Randy Jones.
5:38 of 1st period - John Madden wins face-off versus David Steckel in Flyers zone.
5:40 of 1st period - Icing by Niklas Hagman.
5:41 of 1st period - David Steckel wins face-off versus John Madden in Flyers zone.
6:14 of 1st period - Off-side.
6:15 of 1st period - Matt Cullen wins face-off versus Tim Connolly in neutral zone.
6:35 of 1st period - Shot by Mike Santorelli.
6:35 of 1st period - Shot Misses the Net.
6:48 of 1st period - Icing by Mike Santorelli.
6:49 of 1st period - Brendan Morrison wins face-off versus Sam Gagner in Panthers zone.
7:22 of 1st period - Shot by Pascal Dupuis.
7:22 of 1st period - Stopped by Corey Crawford without a rebound.
7:23 of 1st period - John Madden wins face-off versus Dave Bolland in Panthers zone.
7:55 of 1st period - Shot by Dave Bolland.
7:55 of 1st period - Shot Misses the Net.
7:57 of 1st period - Shot by Dave Bolland.
7:57 of 1st period - Stopped by Tomas Vokoun with a rebound.
8:01 of 1st period - Shot by Dave Bolland.
8:01 of 1st period - Shot Misses the Net.
8:04 of 1st period - Cory Stillman is hit by Rostislav Klesla and loses puck.
8:37 of 1st period - Shot by Radim Vrbata.
8:37 of 1st period - Shot Misses the Net.
8:42 of 1st period - Icing by Anton Volchenkov.
8:43 of 1st period - Brendan Morrison wins face-off versus David Steckel in Panthers zone.
8:43 of 1st period - Brendan Morrison is hit by Anton Volchenkov.
8:56 of 1st period - Brendan Morrison is hit by Ryan OByrne and loses puck.
9:03 of 1st period - Shot by Pascal Dupuis.
9:03 of 1st period - Stopped by Corey Crawford without a rebound.
9:04 of 1st period - Kyle Brodziak wins face-off versus Mike Santorelli in Panthers zone.
9:23 of 1st period - Andy Greene is hit by Brandon McMillan and loses puck.
9:33 of 1st period - Mike Santorelli is hit by Ladislav Smid.
10:40 of 1st period - Shot by Sergei Shirokov.
10:40 of 1st period - Stopped by Tomas Vokoun with a rebound.
10:44 of 1st period - Shot by Andrew Brunette.
10:44 of 1st period - Stopped by Tomas Vokoun without a rebound.
10:45 of 1st period - David Steckel wins face-off versus John Madden in Flyers zone.
11:50 of 1st period - Off-side.
11:51 of 1st period - Dave Bolland wins face-off versus Pascal Dupuis in neutral zone.
11:58 of 1st period - Shot by Justin Williams.
11:58 of 1st period - Shot Misses the Net.
12:00 of 1st period - Shot by Kevin Bieksa.
12:00 of 1st period - Stopped by Corey Crawford without a rebound.
12:01 of 1st period - Dave Bolland wins face-off versus Kyle Brodziak in Panthers zone.
12:12 of 1st period - Shot by Cory Stillman.
12:12 of 1st period - Shot Misses the Net.
12:14 of 1st period - Shot by Jason Garrison.
12:14 of 1st period - Shot Misses the Net.
12:16 of 1st period - Shot by Andrew MacDonald.
12:16 of 1st period - Shot Blocked by Brandon McMillan.
12:18 of 1st period - Shot by Ryan Smyth.
12:18 of 1st period - Shot Blocked by Chris Pronger.
12:20 of 1st period - Shot by Andrew MacDonald.
12:20 of 1st period - Shot Misses the Net.
12:24 of 1st period - Shot by Dave Bolland.
12:24 of 1st period - Stopped by Tomas Vokoun without a rebound.
12:25 of 1st period - Tim Connolly wins face-off versus Mike Santorelli in Flyers zone.
12:32 of 1st period - Icing by Matt Cullen.
12:33 of 1st period - Radim Vrbata wins face-off versus Mike Santorelli in Panthers zone.
12:46 of 1st period - Matt Cullen is hit by Raffi Torres and loses puck.
12:52 of 1st period - Icing by Ed Jovanovski.
12:53 of 1st period - Brendan Morrison wins face-off versus Mike Santorelli in Panthers zone.
13:07 of 1st period - Shot by Mike Santorelli.
13:07 of 1st period - Stopped by Tomas Vokoun without a rebound.
13:08 of 1st period - Dave Bolland wins face-off versus Kyle Brodziak in Flyers zone.
13:18 of 1st period - Icing by Justin Williams.
13:19 of 1st period - Chris Drury wins face-off versus Kyle Brodziak in Flyers zone.
13:40 of 1st period - Shot by Chris Pronger.
13:40 of 1st period - Shot Hit the Post.
13:44 of 1st period - Shot by Chris Pronger.
13:44 of 1st period - Shot Blocked by Anton Volchenkov.
13:52 of 1st period - Chris Pronger is hit by Chris Drury and loses puck.
14:22 of 1st period - Icing by Jason Garrison.
14:23 of 1st period - John Madden wins face-off versus Dave Bolland in Panthers zone.
16:15 of 1st period - Shot by Radim Vrbata.
16:15 of 1st period - Stopped by Corey Crawford without a rebound.
16:16 of 1st period - David Steckel wins face-off versus Brendan Morrison in Panthers zone.
16:34 of 1st period - Shot by Andrew Brunette.
16:34 of 1st period - Shot Misses the Net.
16:38 of 1st period - Shot by Sergei Shirokov.
16:38 of 1st period - Shot Misses the Net.
16:40 of 1st period - Shot by Adam Foote.
16:40 of 1st period - Shot Misses the Net.
16:42 of 1st period - Shot by Andrew Brunette.
16:42 of 1st period - Shot Misses the Net.
17:49 of 1st period - Icing by Anton Volchenkov.
17:50 of 1st period - Kyle Brodziak wins face-off versus Dave Bolland in Panthers zone.
18:01 of 1st period - Shot by Ladislav Smid.
18:01 of 1st period - Shot Misses the Net.
18:46 of 1st period - Off-side.
18:47 of 1st period - John Madden wins face-off versus David Steckel in neutral zone.
19:04 of 1st period - Shot by Niklas Hagman.
19:04 of 1st period - Shot Misses the Net.
19:06 of 1st period - Shot by Lee Stempniak.
19:06 of 1st period - Stopped by Corey Crawford without a rebound.
19:07 of 1st period - Tim Connolly wins face-off versus Mike Santorelli in Panthers zone.

Period #2

0:01 of 2nd period - Dave Bolland wins face-off versus Brendan Morrison in neutral zone.
0:03 of 2nd period - Off-side.
0:04 of 2nd period - Justin Williams wins face-off versus Dave Bolland in neutral zone.
0:21 of 2nd period - Shot by Andrew MacDonald.
0:21 of 2nd period - Shot Misses the Net.
1:55 of 2nd period - Icing by Andrej Sekera.
1:56 of 2nd period - David Steckel wins face-off versus Tim Connolly in Flyers zone.
2:30 of 2nd period - Icing by Anton Volchenkov.
2:31 of 2nd period - Chris Drury wins face-off versus John Madden in Panthers zone.
2:35 of 2nd period - Off-side.
2:36 of 2nd period - John Madden wins face-off versus Dave Bolland in neutral zone.
2:46 of 2nd period - Shot by Cory Stillman.
2:46 of 2nd period - Shot Misses the Net.
2:48 of 2nd period - Shot by Dave Bolland.
2:48 of 2nd period - Shot Blocked by Niklas Hagman.
2:50 of 2nd period - Shot by Dave Bolland.
2:50 of 2nd period - Stopped by Tomas Vokoun with a rebound.
2:52 of 2nd period - Shot by Cory Stillman.
2:52 of 2nd period - Stopped by Tomas Vokoun with a rebound.
2:56 of 2nd period - Shot by Ryan Smyth.
2:56 of 2nd period - Shot Misses the Net.
2:58 of 2nd period - Shot by Jason Garrison.
2:58 of 2nd period - Shot Blocked by Lee Stempniak.
3:00 of 2nd period - Shot by Jason Garrison.
3:00 of 2nd period - Goal by Jason Garrison - Panthers : 1 - Flyers : 0.
3:01 of 2nd period - Kyle Brodziak wins face-off versus David Steckel in neutral zone.
4:35 of 2nd period - Sam Gagner is hit by Rostislav Klesla.
5:08 of 2nd period - Shot by Lee Stempniak.
5:08 of 2nd period - Shot Misses the Net.
5:10 of 2nd period - Shot by John Madden.
5:10 of 2nd period - Stopped by Corey Crawford without a rebound.
5:11 of 2nd period - Brendan Morrison wins face-off versus Dave Bolland in Panthers zone.
5:17 of 2nd period - Brendan Morrison is hit by Andrew MacDonald and loses puck.
5:24 of 2nd period - Kevin Bieksa is hit by Dave Bolland and loses puck.
5:41 of 2nd period - Shot by Ryan Smyth.
5:41 of 2nd period - Shot Misses the Net.
5:43 of 2nd period - Shot by Ryan Smyth.
5:43 of 2nd period - Deflect By Dave Bolland.
5:43 of 2nd period - Goal by Dave Bolland - Panthers : 2 - Flyers : 0.
5:44 of 2nd period - David Steckel wins face-off versus Tim Connolly in neutral zone.
6:30 of 2nd period - John Madden is hit by Christopher Higgins and loses puck.
7:52 of 2nd period - Shot by Ryan Smyth.
7:52 of 2nd period - Shot Misses the Net.
7:56 of 2nd period - Shot by Ryan Smyth.
7:56 of 2nd period - Stopped by Tomas Vokoun without a rebound.
7:57 of 2nd period - Matt Cullen wins face-off versus Tim Connolly in Flyers zone.
8:10 of 2nd period - Radim Vrbata is hit by Ed Jovanovski and loses puck.
8:11 of 2nd period - Minor Penalty to Ed Jovanovski for Boarding.
8:12 of 2nd period - Cory Stillman wins face-off versus Tim Connolly in Panthers zone.
8:26 of 2nd period - Shot by Andrei Markov.
8:26 of 2nd period - Stopped by Corey Crawford with a rebound.
8:28 of 2nd period - Shot by Raffi Torres.
8:28 of 2nd period - Shot Blocked by Matt Cullen.
8:30 of 2nd period - Shot by Raffi Torres.
8:30 of 2nd period - Stopped by Corey Crawford with a rebound.
8:32 of 2nd period - Shot by Andrej Sekera.
8:32 of 2nd period - Shot Misses the Net.
8:36 of 2nd period - Shot by Radim Vrbata.
8:36 of 2nd period - Goal by Radim Vrbata - Panthers : 2 - Flyers : 1.
8:37 of 2nd period - John Madden wins face-off versus Mike Santorelli in neutral zone.
9:04 of 2nd period - Rostislav Klesla is hit by Matt Cullen and loses puck.
9:40 of 2nd period - Shot by Dave Bolland.
9:40 of 2nd period - Shot Blocked by Rostislav Klesla.
9:42 of 2nd period - Shot by Ryan Smyth.
9:42 of 2nd period - Shot Misses the Net.
9:44 of 2nd period - Shot by Andrew MacDonald.
9:44 of 2nd period - Shot Misses the Net.
9:46 of 2nd period - Shot by Andrew MacDonald.
9:46 of 2nd period - Stopped by Tomas Vokoun without a rebound.
9:47 of 2nd period - Andrew Brunette wins face-off versus Brendan Morrison in Flyers zone.
9:50 of 2nd period - Shot by Mike Santorelli.
9:50 of 2nd period - Shot Blocked by Pascal Dupuis.
9:52 of 2nd period - Shot by Mike Santorelli.
9:52 of 2nd period - Stopped by Tomas Vokoun without a rebound.
9:53 of 2nd period - Tim Connolly wins face-off versus Mike Santorelli in Flyers zone.
10:06 of 2nd period - Shot by Tim Connolly.
10:06 of 2nd period - Shot Misses the Net.
10:41 of 2nd period - Icing by Radim Vrbata.
10:42 of 2nd period - Tim Connolly wins face-off versus Mike Santorelli in Flyers zone.
10:42 of 2nd period - Tim Connolly is hit by Matt Cullen.
10:53 of 2nd period - Icing by Ed Jovanovski.
10:54 of 2nd period - Brendan Morrison wins face-off versus Mike Santorelli in Panthers zone.
10:55 of 2nd period - Shot by Kevin Bieksa.
10:55 of 2nd period - Shot Misses the Net.
10:59 of 2nd period - Shot by Kevin Bieksa.
10:59 of 2nd period - Goal by Kevin Bieksa - Panthers : 2 - Flyers : 2.
11:00 of 2nd period - Dave Bolland wins face-off versus Kyle Brodziak in neutral zone.
11:03 of 2nd period - Shot by Ryan Smyth.
11:03 of 2nd period - Stopped by Tomas Vokoun with a rebound.
11:22 of 2nd period - Jason Garrison is hit by Ladislav Smid and loses puck.
11:39 of 2nd period - Shot by Justin Williams.
11:39 of 2nd period - Stopped by Corey Crawford with a rebound.
12:01 of 2nd period - Shot by Lee Stempniak.
12:01 of 2nd period - Stopped by Corey Crawford without a rebound.
12:02 of 2nd period - Mike Santorelli wins face-off versus Tim Connolly in Panthers zone.
12:02 of 2nd period - Mike Santorelli is hit by Raffi Torres.
12:13 of 2nd period - Tim Connolly is hit by Ed Jovanovski and loses puck.
12:16 of 2nd period - Shot by Raffi Torres.
12:16 of 2nd period - Stopped by Corey Crawford without a rebound.
12:17 of 2nd period - David Steckel wins face-off versus John Madden in Panthers zone.
12:31 of 2nd period - Icing by John Madden.
12:32 of 2nd period - Mike Santorelli wins face-off versus John Madden in Flyers zone.
12:35 of 2nd period - Shot by Mike Santorelli.
12:35 of 2nd period - Stopped by Tomas Vokoun without a rebound.
12:36 of 2nd period - Sam Gagner wins face-off versus Brendan Morrison in Flyers zone.
12:37 of 2nd period - Shot by Ed Jovanovski.
12:37 of 2nd period - Stopped by Tomas Vokoun without a rebound.
12:38 of 2nd period - David Steckel wins face-off versus Tim Connolly in Flyers zone.
13:28 of 2nd period - Off-side.
13:29 of 2nd period - Brendan Morrison wins face-off versus Mike Santorelli in neutral zone.
13:33 of 2nd period - Brendan Morrison is hit by Ed Jovanovski and loses puck.
13:42 of 2nd period - Shot by Sam Gagner.
13:42 of 2nd period - Stopped by Tomas Vokoun without a rebound.
13:43 of 2nd period - Dave Bolland wins face-off versus John Madden in Flyers zone.
14:05 of 2nd period - Shot by John Madden.
14:05 of 2nd period - Shot Misses the Net.
14:10 of 2nd period - Icing by Jason Garrison.
14:11 of 2nd period - Brendan Morrison wins face-off versus Dave Bolland in Panthers zone.
14:20 of 2nd period - Shot by Cory Stillman.
14:20 of 2nd period - Shot Misses the Net.
14:27 of 2nd period - Jason Garrison is hit by Pascal Dupuis and loses puck.
14:45 of 2nd period - Minor Penalty to Justin Williams for Hooking.
14:46 of 2nd period - Tim Connolly wins face-off versus Mike Santorelli in Flyers zone.
15:04 of 2nd period - Shot by Mike Santorelli.
15:04 of 2nd period - Stopped by Tomas Vokoun without a rebound.
15:05 of 2nd period - Mike Santorelli wins face-off versus Tim Connolly in Flyers zone.
15:34 of 2nd period - Shot by Ed Jovanovski.
15:34 of 2nd period - Stopped by Tomas Vokoun without a rebound.
15:35 of 2nd period - Radim Vrbata wins face-off versus Dave Bolland in Flyers zone.
15:52 of 2nd period - Shot by Andrew MacDonald.
15:52 of 2nd period - Shot Blocked by Kevin Bieksa.
15:54 of 2nd period - Shot by Ryan Smyth.
15:54 of 2nd period - Stopped by Tomas Vokoun without a rebound.
15:55 of 2nd period - Mike Santorelli wins face-off versus Tim Connolly in Flyers zone.
17:08 of 2nd period - Lee Stempniak is hit by Ryan OByrne and loses puck.
18:21 of 2nd period - Icing by Chris Pronger.
18:22 of 2nd period - Kyle Brodziak wins face-off versus Dave Bolland in Flyers zone.
18:22 of 2nd period - Kyle Brodziak is hit by Cory Stillman.
19:08 of 2nd period - Icing by Tim Connolly.
19:09 of 2nd period - Tim Connolly wins face-off versus Mike Santorelli in Flyers zone.
19:09 of 2nd period - Tim Connolly is hit by Mike Santorelli.
19:39 of 2nd period - Icing by Mike Santorelli.
19:40 of 2nd period - Mike Santorelli wins face-off versus Brendan Morrison in Panthers zone.

Period #3

0:01 of 3rd period - Brendan Morrison wins face-off versus Dave Bolland in neutral zone.
0:15 of 3rd period - Shot by Justin Williams.
0:15 of 3rd period - Shot Misses the Net.
0:17 of 3rd period - Shot by Pascal Dupuis.
0:17 of 3rd period - Stopped by Corey Crawford without a rebound.
0:18 of 3rd period - Mike Santorelli wins face-off versus Tim Connolly in Panthers zone.
0:18 of 3rd period - Mike Santorelli is hit by Raffi Torres.
0:39 of 3rd period - Shot by Tim Connolly.
0:39 of 3rd period - Stopped by Corey Crawford with a rebound.
0:54 of 3rd period - Tim Connolly is hit by Ed Jovanovski and loses puck.
0:59 of 3rd period - Shot by Tim Connolly.
0:59 of 3rd period - Stopped by Corey Crawford without a rebound.
1:00 of 3rd period - Brendan Morrison wins face-off versus Dave Bolland in Panthers zone.
1:12 of 3rd period - Icing by Kevin Bieksa.
1:13 of 3rd period - Brendan Morrison wins face-off versus David Steckel in Flyers zone.
1:13 of 3rd period - Brendan Morrison is hit by David Steckel.
1:16 of 3rd period - Chris Pronger is hit by David Steckel.
1:35 of 3rd period - Icing by Ryan OByrne.
1:36 of 3rd period - David Steckel wins face-off versus John Madden in Panthers zone.
1:41 of 3rd period - Shot by Ryan OByrne.
1:41 of 3rd period - Deflect By Christopher Higgins.
1:41 of 3rd period - Stopped by Tomas Vokoun with a rebound.
1:59 of 3rd period - Lee Stempniak is hit by Ryan OByrne and loses puck.
2:00 of 3rd period - Double Minor Penalty to Ryan OByrne for Slashing.
2:01 of 3rd period - Ryan Smyth wins face-off versus Tim Connolly in Panthers zone.
2:30 of 3rd period - Shot by Raffi Torres.
2:30 of 3rd period - Stopped by Corey Crawford without a rebound.
2:31 of 3rd period - Cory Stillman wins face-off versus Pascal Dupuis in Panthers zone.
3:02 of 3rd period - Shot by Chris Pronger.
3:02 of 3rd period - Stopped by Corey Crawford with a rebound.
3:41 of 3rd period - Icing by Raffi Torres.
3:42 of 3rd period - Cory Stillman wins face-off versus Tim Connolly in Flyers zone.
3:43 of 3rd period - Shot by Ed Jovanovski.
3:43 of 3rd period - Shot Blocked by Andrej Sekera.
4:36 of 3rd period - Shot by Kevin Bieksa.
4:36 of 3rd period - Shot Misses the Net.
4:38 of 3rd period - Shot by Chris Pronger.
4:38 of 3rd period - Stopped by Corey Crawford without a rebound.
4:39 of 3rd period - Tim Connolly wins face-off versus Cory Stillman in Panthers zone.
4:40 of 3rd period - Shot by Andrej Sekera.
4:40 of 3rd period - Stopped by Corey Crawford with a rebound.
4:42 of 3rd period - Shot by Andrej Sekera.
4:42 of 3rd period - Shot Misses the Net.
4:44 of 3rd period - Shot by Andrei Markov.
4:44 of 3rd period - Stopped by Corey Crawford without a rebound.
4:45 of 3rd period - Tim Connolly wins face-off versus Cory Stillman in Panthers zone.
6:24 of 3rd period - Shot by Niklas Hagman.
6:24 of 3rd period - Stopped by Corey Crawford with a rebound.
6:28 of 3rd period - Shot by Lee Stempniak.
6:28 of 3rd period - Shot Blocked by Ryan OByrne.
6:30 of 3rd period - Shot by Rostislav Klesla.
6:30 of 3rd period - Stopped by Corey Crawford with a rebound.
6:32 of 3rd period - Shot by John Madden.
6:32 of 3rd period - Shot Misses the Net.
6:36 of 3rd period - Shot by Lee Stempniak.
6:36 of 3rd period - Stopped by Corey Crawford without a rebound.
6:37 of 3rd period - Kyle Brodziak wins face-off versus Mike Santorelli in Panthers zone.
6:54 of 3rd period - Shot by Chris Pronger.
6:54 of 3rd period - Shot Misses the Net.
6:56 of 3rd period - Shot by Chris Pronger.
6:56 of 3rd period - Stopped by Corey Crawford without a rebound.
6:57 of 3rd period - Brendan Morrison wins face-off versus David Steckel in Panthers zone.
7:12 of 3rd period - Shot by Andrew Brunette.
7:12 of 3rd period - Shot Misses the Net.
7:25 of 3rd period - Icing by Andrew Brunette.
7:26 of 3rd period - David Steckel wins face-off versus John Madden in Panthers zone.
7:26 of 3rd period - David Steckel is hit by Lee Stempniak.
7:27 of 3rd period - David Steckel from Panthers is injured at 7:27 of 3rd period (Bruised Right Shoulder).
7:28 of 3rd period - Ryan Smyth wins face-off versus John Madden in Panthers zone.
7:32 of 3rd period - Off-side.
7:33 of 3rd period - Mike Santorelli wins face-off versus John Madden in neutral zone.
7:36 of 3rd period - Lee Stempniak is hit by Sam Gagner and loses puck.
8:08 of 3rd period - Rostislav Klesla is hit by Matt Cullen and loses puck.
8:55 of 3rd period - Shot by Christopher Higgins.
8:55 of 3rd period - Stopped by Tomas Vokoun with a rebound.
9:26 of 3rd period - Andrew MacDonald is hit by Kevin Bieksa and loses puck.
9:45 of 3rd period - Off-side.
9:46 of 3rd period - John Madden wins face-off versus Mike Santorelli in neutral zone.
9:48 of 3rd period - Minor Penalty to Ed Jovanovski for Tripping.
9:49 of 3rd period - Brendan Morrison wins face-off versus Cory Stillman in Panthers zone.
10:18 of 3rd period - Shot by Justin Williams.
10:18 of 3rd period - Stopped by Corey Crawford without a rebound.
10:19 of 3rd period - Tim Connolly wins face-off versus Cory Stillman in Panthers zone.
10:20 of 3rd period - Shot by Raffi Torres.
10:20 of 3rd period - Stopped by Corey Crawford with a rebound.
11:15 of 3rd period - Cory Stillman is hit by Pascal Dupuis and loses puck.
11:51 of 3rd period - Minor Penalty to Adam Foote for Hooking.
11:52 of 3rd period - Ryan Smyth wins face-off versus Justin Williams in Panthers zone.
12:23 of 3rd period - Dave Bolland is hit by Pascal Dupuis and loses puck.
13:58 of 3rd period - Minor Penalty to Ladislav Smid for Holding.
13:59 of 3rd period - Mike Santorelli wins face-off versus Tim Connolly in Flyers zone.
15:18 of 3rd period - Brandon McMillan is hit by Christopher Higgins and loses puck.
15:25 of 3rd period - Shot by Mike Santorelli.
15:25 of 3rd period - Shot Misses the Net.
15:27 of 3rd period - Shot by Christopher Higgins.
15:27 of 3rd period - Shot Blocked by Brandon McMillan.
15:29 of 3rd period - Shot by Anton Volchenkov.
15:29 of 3rd period - Shot Misses the Net.
15:31 of 3rd period - Shot by Anton Volchenkov.
15:31 of 3rd period - Shot Misses the Net.
15:35 of 3rd period - Shot by Anton Volchenkov.
15:35 of 3rd period - Stopped by Tomas Vokoun without a rebound.
15:36 of 3rd period - Chris Drury wins face-off versus Tim Connolly in Flyers zone.
15:36 of 3rd period - Chris Drury is hit by Andrej Sekera.
15:40 of 3rd period - Shot by Sam Gagner.
15:40 of 3rd period - Shot Misses the Net.
15:44 of 3rd period - Shot by Chris Drury.
15:44 of 3rd period - Shot Blocked by Andrej Sekera.
15:48 of 3rd period - Shot by Andrew MacDonald.
15:48 of 3rd period - Goal by Andrew MacDonald - Panthers : 3 - Flyers : 2.
15:49 of 3rd period - Tim Connolly wins face-off versus Cory Stillman in neutral zone.
16:12 of 3rd period - Shot by Matt Cullen.
16:12 of 3rd period - Shot Misses the Net.
16:16 of 3rd period - Shot by Cory Stillman.
16:16 of 3rd period - Shot Misses the Net.
16:18 of 3rd period - Shot by Cory Stillman.
16:18 of 3rd period - Stopped by Tomas Vokoun without a rebound.
16:19 of 3rd period - Mike Santorelli wins face-off versus Brendan Morrison in Flyers zone.
16:22 of 3rd period - Shot by Sam Gagner.
16:22 of 3rd period - Deflect By Dave Bolland.
16:22 of 3rd period - Stopped by Tomas Vokoun without a rebound.
16:23 of 3rd period - Brendan Morrison wins face-off versus Mike Santorelli in Flyers zone.
16:23 of 3rd period - Brendan Morrison is hit by Mike Santorelli.
16:46 of 3rd period - Shot by Dave Bolland.
16:46 of 3rd period - Stopped by Tomas Vokoun without a rebound.
16:47 of 3rd period - Tim Connolly wins face-off versus Sergei Shirokov in Flyers zone.
16:54 of 3rd period - Adam Foote is hit by Raffi Torres and loses puck.
17:17 of 3rd period - Icing by Adam Foote.
17:18 of 3rd period - John Madden wins face-off versus Ryan Smyth in Panthers zone.
17:29 of 3rd period - Lee Stempniak is hit by Adam Foote and loses puck.
17:47 of 3rd period - Dave Bolland is hit by Lee Stempniak and loses puck.
18:06 of 3rd period - Icing by Anton Volchenkov.
18:07 of 3rd period - Dave Bolland wins face-off versus Brendan Morrison in Panthers zone.
18:36 of 3rd period - Shot by Justin Williams.
18:36 of 3rd period - Stopped by Corey Crawford with a rebound.
18:40 of 3rd period - Shot by Chris Pronger.
18:40 of 3rd period - Goal by Chris Pronger - Panthers : 3 - Flyers : 3.
18:41 of 3rd period - Mike Santorelli wins face-off versus Tim Connolly in neutral zone.
19:12 of 3rd period - Icing by Andy Greene.
19:13 of 3rd period - Brendan Morrison wins face-off versus Mike Santorelli in Panthers zone.
19:20 of 3rd period - Ed Jovanovski is hit by Pascal Dupuis and loses puck.
19:51 of 3rd period - Shot by Lee Stempniak.
19:51 of 3rd period - Stopped by Corey Crawford without a rebound.
19:52 of 3rd period - Brendan Morrison wins face-off versus Mike Santorelli in Panthers zone.

Overtime #1

0:01 of 1st overtime period - Brendan Morrison wins face-off versus Dave Bolland in neutral zone.
0:18 of 1st overtime period - Shot by Dave Bolland.
0:18 of 1st overtime period - Stopped by Tomas Vokoun without a rebound.
0:19 of 1st overtime period - Tim Connolly wins face-off versus Matt Cullen in Flyers zone.
1:09 of 1st overtime period - Icing by Andrei Markov.
1:10 of 1st overtime period - Dave Bolland wins face-off versus Tim Connolly in Flyers zone.
1:13 of 1st overtime period - Shot by Ryan Smyth.
1:13 of 1st overtime period - Stopped by Tomas Vokoun without a rebound.
1:14 of 1st overtime period - Brendan Morrison wins face-off versus Dave Bolland in Flyers zone.
2:14 of 1st overtime period - Shot by Andrej Sekera.
2:14 of 1st overtime period - Shot Misses the Net.
2:18 of 1st overtime period - Shot by Tim Connolly.
2:18 of 1st overtime period - Stopped by Corey Crawford with a rebound.
2:20 of 1st overtime period - Shot by Pascal Dupuis.
2:20 of 1st overtime period - Stopped by Corey Crawford without a rebound.
2:21 of 1st overtime period - Justin Williams wins face-off versus Matt Cullen in Panthers zone.
2:50 of 1st overtime period - Brendan Morrison is hit by Jason Garrison and loses puck.
3:19 of 1st overtime period - Shot by Tim Connolly.
3:19 of 1st overtime period - Stopped by Corey Crawford with a rebound.
3:21 of 1st overtime period - Shot by Andrei Markov.
3:21 of 1st overtime period - Stopped by Corey Crawford without a rebound.
3:22 of 1st overtime period - Dave Bolland wins face-off versus Radim Vrbata in Panthers zone.
3:44 of 1st overtime period - Shot by Rostislav Klesla.
3:44 of 1st overtime period - Stopped by Corey Crawford without a rebound.
3:45 of 1st overtime period - Dave Bolland wins face-off versus Tim Connolly in Panthers zone.
3:45 of 1st overtime period - Dave Bolland is hit by Pascal Dupuis.
4:00 of 1st overtime period - Shot by Dave Bolland.
4:00 of 1st overtime period - Stopped by Tomas Vokoun with a rebound.
4:33 of 1st overtime period - Shot by Justin Williams.
4:33 of 1st overtime period - Stopped by Corey Crawford without a rebound.
4:34 of 1st overtime period - Matt Cullen wins face-off versus Justin Williams in Panthers zone.

ShootOut

ShootOut - Penalty Shot by Ryan Smyth for Panthers.
ShootOut - Shot Misses the Net.
ShootOut - Penalty Shot by Justin Williams for Flyers.
ShootOut - Shot Misses the Net.
ShootOut - Penalty Shot by Dave Bolland for Panthers.
ShootOut - Stopped by Tomas Vokoun.
ShootOut - Penalty Shot by Brendan Morrison for Flyers.
ShootOut - Stopped by Corey Crawford.
ShootOut - Penalty Shot by Mike Santorelli for Panthers.
ShootOut - Shot Misses the Net.
ShootOut - Penalty Shot by Tim Connolly for Flyers.
ShootOut - Stopped by Corey Crawford.
ShootOut - Penalty Shot by Christopher Higgins for Panthers.
ShootOut - Stopped by Tomas Vokoun.
ShootOut - Penalty Shot by Pascal Dupuis for Flyers.
ShootOut - Stopped by Corey Crawford.
ShootOut - Penalty Shot by Sam Gagner for Panthers.
ShootOut - Shot Misses the Net.
ShootOut - Penalty Shot by Radim Vrbata for Flyers.
ShootOut - Shot Misses the Net.
ShootOut - Penalty Shot by Sergei Shirokov for Panthers.
ShootOut - Stopped by Tomas Vokoun.
ShootOut - Penalty Shot by Lee Stempniak for Flyers.
ShootOut - Goal by Lee Stempniak.


Output by the SimonT Hockey Simulator (STHS) for Stephane Roy -- Original Page W3C XHTML 1.0 Valid